 Dungeon Crawl Stone Soup version 0.29-a0-886-gfb1a3fa8b1 (webtiles) character file.

Game seed: 8923495067631203708

203120 DungeonMaster the Eclecticist (level 17, -8/117 HPs)
             Began as a Demonspawn Hedge Wizard on July 21, 2022.
             Was an Initiate of Gozag.
             Killed from afar by a deep elf knight (17 damage)
             ... with a lance of force
             ... on level 2 of the Elven Halls on July 23, 2022.
             The game lasted 02:10:22 (42638 turns).

DungeonMaster the Eclecticist (DsHW)               Turns: 42638, Time: 02:10:23

Health: -8/117     AC: 26    Str: 11    XL:     17   Next: 97%
Magic:  3/37       EV: 10    Int: 25    God:    Gozag
Gold:   900        SH: 17    Dex: 15    Spells: 26/49 levels left

rFire   + . .      SeeInvis +   a - +5 rapier (speed)
rCold   + . .      Faith    .   V - +0 kite shield
rNeg    . . .      Spirit   .   v - +3 leather armour {rC+}
rPois   +          Reflect  +   y - +3 crown of Dyrovepreva {rElec Int+2 SInv}
rElec   +          Harm     .   W - +2 cloak {rPois}
rCorr   +          Rampage  .   b - +0 pair of gloves
Will    +....                   (boots unavailable)
Stlth   ++........              j - amulet of reflection
HPRegen 0.29/turn               H - ring "Owuej" {+Blink rPois rCorr Slay+6}
MPRegen 0.25/turn               e - ring of Eternal Night {+Blink Fly rF+ rCorr Dex+2}

@: about to teleport, sanguine armoured, flying
A: hooves 3, demonic guardian 2, sanguine armour 3, demonic magic 2
}: 1/15 runes: serpentine
a: Renounce Religion, Evoke Blink, Potion Petition, Call Merchant, Bribe Branch


You were on level 2 of the Elven Halls.
You worshipped Gozag.
Gozag was pleased with you.
You visited 6 branches of the dungeon, and saw 28 of its levels.

You collected 10217 gold pieces.
You spent 5342 gold pieces at shops.
You paid 3975 gold pieces to Gozag.

Inventory:

Hand Weapons
 a - a +5 rapier of speed (weapon)
 d - the +5 flail "Uraojaops" {drain, rElec rPois rN+ Str+4}
   (You found it on level 13 of the Dungeon)

   A truly terrible weapon, it drains the life of any living foe it strikes.
   Str:       It affects your strength (+4).
   rElec:     It insulates you from electricity.
   rPois:     It protects you from poison.
   rN:        It protects you from negative energy.
 s - the +7 flail of Evisceration {vorpal, Str-4 Int+5 SInv Stlth+}
   (You bought it in a shop on level 2 of the Orcish Mines)

   It inflicts extra damage upon your enemies.
   Str:       It affects your strength (-4).
   Int:       It affects your intelligence (+5).
   SInv:      It lets you see invisible.
   Stlth:     It makes you more stealthy.
Missiles
 l - 3 boomerangs of dispersal (quivered)
 z - a throwing net
 F - 5 curare-tipped darts
Armour
 b - a +0 pair of gloves (worn)
 m - a +3 tower shield of protection
 n - the +1 robe of Exclusion {+Blink rC+ Archmagi}
   (You found it on level 2 of the Elven Halls)

   rC:        It protects you from cold.
   +Blink:    It lets you blink.
   Archmagi:  It increases the power of your magical spells.
 v - a +3 leather armour of cold resistance (worn)
 x - the +0 ring mail of Exclusion {+Inv rC+ rN+}
   (You found it on level 1 of the Elven Halls)

   rC:        It protects you from cold.
   rN:        It protects you from negative energy.
   +Inv:      It lets you turn invisible.
 y - the +3 crown of Dyrovepreva (worn) {rElec Int+2 SInv}
   (You bought it in a shop on level 10 of the Dungeon)

   Int:       It affects your intelligence (+2).
   rElec:     It insulates you from electricity.
   SInv:      It lets you see invisible.
 L - a +3 ring mail of poison resistance
 V - a +0 kite shield (worn)
 W - a +2 cloak of poison resistance (worn)
Jewellery
 e - the ring of Eternal Night (right hand) {+Blink Fly rF+ rCorr Dex+2}
   (You found it on level 2 of the Lair of Beasts)

   [ring of resist corrosion]

   Dex:       It affects your dexterity (+2).
   rF:        It protects you from fire.
   Fly:       It grants you flight.
   +Blink:    It lets you blink.
   rCorr:     It protects you from acid and corrosion.
 j - an amulet of reflection (around neck)
 k - an amulet of regeneration
 B - the ring "Otwamn" {rC++ rN+ Dex+2 SInv}
   (You bought it in a shop on level 3 of the Dungeon)

   [ring of see invisible]

   Dex:       It affects your dexterity (+2).
   rC:        It greatly protects you from cold.
   rN:        It protects you from negative energy.
   SInv:      It lets you see invisible.
 H - the ring "Owuej" (left hand) {+Blink rPois rCorr Slay+6}
   (You bought it in a shop on level 3 of the Dungeon)

   [ring of resist corrosion]

   Slay:      It affects your accuracy & damage with ranged weapons and melee
   (+6).
   rPois:     It protects you from poison.
   +Blink:    It lets you blink.
   rCorr:     It protects you from acid and corrosion.
Wands
 w - a wand of flame (25)
 A - a wand of paralysis (16)
 C - a wand of light (7)
 E - a wand of polymorph (27)
Scrolls
 i - 4 scrolls of fear
 o - 2 scrolls of poison
 p - 3 scrolls of amnesia
 q - a scroll of silence
 u - 5 scrolls of immolation
 I - 2 scrolls of brand weapon
 O - 16 scrolls of identify
 S - 4 scrolls of teleportation
 U - a scroll of enchant weapon
 Y - a scroll of blinking
 Z - 2 scrolls of magic mapping
Potions
 c - a potion of invisibility
 f - 8 potions of flight
 g - 3 potions of berserk rage
 r - 20 potions of curing
 t - a potion of might
 D - 3 potions of cancellation
 G - 2 potions of resistance
 J - a potion of magic
 M - 5 potions of mutation
 N - 4 potions of haste
 Q - 6 potions of brilliance
 R - a potion of ambrosia
 X - 9 potions of heal wounds
Miscellaneous
 K - a piece from Xom's chessboard (15/15)
 P - a phantom mirror
 T - a tin of tremorstones (2/2)


   Skills:
 - Level 6.0 Fighting
 - Level 5.2 Armour
 - Level 1.7 Dodging
 - Level 1.7 Stealth
 * Level 11.6 Shields
 * Level 16.6 Spellcasting
 - Level 13.1 Conjurations
 - Level 1.0 Summonings
 * Level 4.1 Translocations
 - Level 5.2 Transmutations
 - Level 8.1 Fire Magic
 - Level 12.1 Ice Magic
 - Level 8.0 Air Magic
 - Level 1.8 Earth Magic


You had 26 spell levels left.
You knew the following spells:

 Your Spells              Type           Power      Damage    Failure   Level
a - Magic Dart            Conj           100%       1d8       1%          1
b - Stone Arrow           Conj/Erth      100%       3d13      1%          3
c - Freezing Cloud        Conj/Ice/Air   33%        6-21      1%          5
d - Mephitic Cloud        Conj/Pois/Air  54%        N/A       1%          3
e - Passwall              Tmut/Erth      31%        N/A       2%          2
f - Blink                 Tloc           82%        N/A       1%          2
g - Ignite Poison         Fire/Tmut/Pois 43%        N/A       3%          3
i - Passage of Golubria   Tloc           41%        N/A       12%         4

Your spell library contained the following spells:

 Spells                   Type           Power      Damage    Failure   Level
 Foxfire                  Conj/Fire      100%       2x1d9     1%          1
 Ensorcelled Hibernation  Hex/Ice        100%       N/A       1%          2
 Poisonous Vapours        Pois/Air       82%        N/A       1%          2
 Wereblood                Tmut           47%        N/A       1%          2
 Conjure Flame            Conj/Fire      65%        6-21      1%          3
 Frozen Ramparts          Ice            100%       1d12      1%          3
 Ozocubu's Armour         Ice            69%        N/A       1%          3
 Swiftness                Air            57%        N/A       1%          3
 Flame Wave               Conj/Fire      65%        2d12      1%          4
 Ice Form                 Ice/Tmut       59%        N/A       1%          4
 Sandblast                Erth           60%        2d14      3%          1
 Inner Flame              Hex/Fire       41%        N/A       3%          3
 Summon Ice Beast         Ice/Summ       52%        N/A       4%          4
 Irradiate                Conj/Tmut      30%        3d21      4%          5
 Slow                     Hex            80%        N/A       7%          1
 Call Imp                 Summ           25%        N/A       7%          2
 Sublimation of Blood     Necr           20%        N/A       11%         2
 Petrify                  Tmut/Erth      38%        N/A       16%         4
 Metabolic Englaciation   Hex/Ice        25%        N/A       16%         5
 Confusing Touch          Hex            20%        N/A       21%         3
 Tukima's Dance           Hex            20%        N/A       21%         3
 Blade Hands              Tmut           23%        N/A       22%         5
 Leda's Liquefaction      Hex/Erth       12%        N/A       41%         4
 Yara's Violent Unravell  Hex/Tmut       16%        3d8       54%         5
 Lee's Rapid Deconstruct  Erth           15%        3d11*     65%         5
 Summon Mana Viper        Hex/Summ       23%        N/A       83%         5
 Statue Form              Tmut/Erth      25%        N/A       94%         6
 Dragon Form              Tmut           23%        N/A       100%        7
 Enfeeble                 Hex            10%        N/A       100%        7
 Haunt                    Necr/Summ      11%        N/A       100%        7
 Monstrous Menagerie      Summ           12%        N/A       100%        7
 Summon Hydra             Summ           12%        N/A       100%        7
 Infestation              Necr           10%        N/A       100%        8
 Corpse Rot               Necr/Pois/Air  Unusable   N/A       N/A         4
 Animate Dead             Necr           Unusable   N/A       N/A         4
 Simulacrum               Ice/Necr       Unusable   N/A       N/A         6

Dungeon Overview and Level Annotations

Branches:
Dungeon (14/15)            Temple (1/1) D:6            Lair (5/5) D:11
 Shoals (0/4) Lair:2        Snake (4/4) Lair:2        Slime (0/5) Lair:4
    Orc (2/2) D:10            Elf (2/3) Orc:2
 Vaults: D:13-14

Altars:
Ashenzari
Cheibriados
Dithmenos
Fedhas
Gozag
Hepliaklqana
Kikubaaqudgha
Makhleb
Nemelex Xobeh
Okawaru
Qazlal
Ru
Sif Muna
Trog
Uskayaw
Vehumet
Wu Jian
Xom
Yredelemnul

Shops:
D:3 =   D:10 =[[=   D:11 !?(!=   Orc:2 (!*!   Elf:1 [

Portals:
Trove: Elf:2 (give 14 scrolls of teleportation)

Annotations:
D:8 2 transporters, anet's ghost, novice GrCj
Lair:3 2 transporters
Snake:3 Jorgrun
Snake:4 exclusion: upstairs


Innate Abilities, Weirdness & Mutations

You have hooves in place of feet.
A demonic guardian rushes to your aid.
When seriously injured, your blood forms very thick armour. (AC +12)
Spells you cast may paralyse nearby enemies.


Message History

Casting: Stone Arrow (safe; 1% risk of failure)
Confirm with . or Enter, or press ? or * to list all spells.
Aiming: Stone Arrow (safe; 1% risk of failure)
Press: ? - help, Shift-Dir - straight line, f/p - +0 war axe of flaming
Aim: a +0 war axe of flaming (freezing vapour, severely damaged, ally target, 55% to hit)
The stone arrow hits the +0 war axe of flaming!!
The +0 war axe of flaming turns to gold and falls from the air.
Malevolent energies surge around you.
The deep elf archer points at you and mumbles some strange words.
Your sun demon resists with almost no effort.
Your sun demon completely misses the deep elf archer.
You reach down and close the door, pushing everything out of the way.
As you read the scroll of teleportation, it crumbles to dust.
You feel strangely unstable.
Your magical contamination has completely faded away.
Your surroundings suddenly seem different.
A +2 trident of flaming, a +1 vorpal trident, 3 deep elf pyromancers and 3 deep elf knights come into view.
The deep elf pyromancer shouts!
The deep elf knight shouts! x2
You block the +1 vorpal trident's attack.
The deep elf knight hits you but does no damage.
You block the +1 vorpal trident's attack.
The deep elf knight shouts!
The deep elf pyromancer shouts!
You hear a shout!
You block the +1 vorpal trident's attack.
The deep elf pyromancer gestures wildly while chanting.
The deep elf pyromancer blinks!
As you read the scroll of teleportation, it crumbles to dust.
You feel strangely unstable. The +1 vorpal trident hits you!
* * * LOW HITPOINT WARNING * * *
A demonic guardian appears!
* * * LOW HITPOINT WARNING * * *
The deep elf knight hits you with a +0 long sword.
* * * LOW HITPOINT WARNING * * *
The deep elf pyromancer mumbles some strange words.
The +1 vorpal trident hits you!
* * * LOW HITPOINT WARNING * * *
x2 The +1 vorpal trident closely misses you.
The deep elf knight points at you and mumbles some strange words.
The lance of force hits you!
You die...
Your body crumbles into a pile of gold.

..........
........#
##.......#
##........##
##..........#
#......(...#
#.....e....#
#...3e.@...##
##..........#
##...e(...##
##.....e.#
#e.e....E#
#.ยง........#
#.............
#.............
#.............


You could see 3 deep elf knights, 3 deep elf pyromancers, a fire elemental
(summoned), 2 dancing weapons and a friendly sixfirhy (summoned).

Vanquished Creatures
  Gastronok (Lair:1)
  An azure jelly (shapeshifter) (D:13)
  12 nagarajas (Snake:4)
  An orc warlord (Orc:2)
  Nessos (D:13)
  2 dire elephants (Lair:5)
  A deep elf demonologist (Elf:2)
  4 deep elf death magi
  A vault guard (D:14)
  A boulder beetle (Lair:3)
  2 salamander tyrants (Snake:4)
  An ogre mage (D:13)
  2 catoblepae (Lair:5)
  7 hydras
  6 centaur warriors
  5 anacondas
  9 dancing weapons
  6 two-headed ogres
  18 naga warriors
  6 death yaks (Lair:5)
  2 tengu warriors (D:13)
  Urug (D:13)
  7 shock serpents
  5 deep elf knights
  5 orc high priests (Orc:2)
  9 naga sharpshooters (Snake:4)
  Sonja (D:13)
  2 salamander mystics
  2 skeletal warriors (D:13)
  2 sea snakes (Snake:3)
  2 deep elf archers (Elf:1)
  A wizard (D:13)
  6 naga ritualists
  7 deep elf zephyrmancers
  8 deep elf pyromancers
  6 mana vipers
  2 oklob plants (Lair:1)
  5 orc knights (Orc:2)
  3 orc sorcerers (Orc:2)
  3 cyclopes
  5 manticores
  3 ugly things
  7 salamanders
  3 centaur zombies (D:13)
  Joseph (D:7)
  11 elephants (Lair:5)
  24 black mambas
  5 guardian serpents (Snake:4)
  13 cane toads
  14 naga magi
  A rime drake (Lair:5)
  4 unseen horrors (D:13)
  A yaktaur (D:13)
  9 komodo dragons
  A meliai (shapeshifter) (D:14)
  10 trolls
  2 polar bears
  Prince Ribbit (D:6)
  8 dream sheep (Lair:5)
  A hornet (D:9)
  3 slime creatures (D:12)
  28 blink frogs
  Sigmund (D:3)
  2 air elementals
  A culicivora (shapeshifter) (D:13)
  4 shadows
  A vampire (D:13)
  A centaur simulacrum (D:10)
  48 yaks
  A water elemental (Elf:1)
  6 wyverns
  7 basilisks
  2 fire elementals
  3 steam dragons
  An unseen horror simulacrum (D:10)
  8 wraiths
  7 vampire mosquitoes
  3 wargs
  25 nagas
  13 water moccasins
  Duvessa (D:7)
  32 orc warriors
  2 ice beasts (D:7)
  A black bear (D:5)
  3 sky beasts
  5 wolves
  13 ogres
  10 centaurs
  5 kobold brigands
  A phantom (D:4)
  10 bullfrogs
  A necrophage (D:7)
  4 scorpions
  3 earth elementals
  4 gnoll sergeants
  5 wights (D:8)
  Dowan (D:7)
  3 killer bees (D:9)
  6 electric eels
  2 howler monkeys (D:9)
  2 vampire bats (D:10)
  A hound (D:6)
  2 jellies
  29 orc priests
  A gnoll bouda (D:8)
  2 iguanas (D:6)
  12 orc wizards
  A boggart zombie (D:13)
  A hell rat (Lair:5)
  A mummy (D:8)
  19 gnolls
  9 adders
  A shadow imp (D:8)
  3 ufetubi
  2 worms
  109 orcs
  7 bats
  A bat skeleton (D:10)
  4 bat zombies (D:10)
  9 endoplasms
  15 giant cockroaches
  12 goblins
  10 hobgoblins
  4 jackals (D:4)
  20 kobolds
  3 quokkas
  8 ball pythons
  7 frilled lizards
  6 rats
868 creatures vanquished.

Vanquished Creatures (collateral kills)
  3 nagarajas (Snake:4)
  A boulder beetle (D:14)
  A catoblepas (Lair:5)
  A naga warrior (Snake:4)
  A dancing weapon (Elf:2)
  2 naga sharpshooters (Snake:4)
  A deep elf pyromancer (Elf:2)
  A cyclops (Orc:1)
  2 centaur zombies (D:13)
  A guardian serpent (Snake:4)
  A troll (D:11)
  A wraith (D:13)
  A vampire mosquito (D:14)
  A warg (Orc:2)
  A naga (Lair:2)
  2 ogres
  An orc priest (Orc:2)
  A boggart zombie (D:13)
  2 orc wizards
  3 orcs
28 creatures vanquished.

Vanquished Creatures (others)
  A centaur warrior (D:14)
  A guardian serpent (Snake:2)
  A boggart (D:13)
  An electric eel (D:8)
  An orc wizard (Orc:2)
  26 fungi
  31 plants
  9 withered plants (D:13)
71 creatures vanquished.

Grand Total: 967 creatures vanquished

Notes
Turn   | Place    | Note
-------+----------+-------------------------------------------
     0 | D:1      | DungeonMaster the Demonspawn Hedge Wizard began the quest
                  | for the Orb.
     0 | D:1      | Reached XP level 1. HP: 13/13 MP: 4/4
   400 | D:1      | Gained mutation: Spells you cast may paralyse adjacent
                  | enemies. [demonic ancestry]
   400 | D:1      | Reached XP level 2. HP: 18/19 MP: 1/6
  1272 | D:1      | Gained mutation: When seriously injured, your blood forms
                  | armour. (AC +12) [demonic ancestry]
  1272 | D:1      | Reached XP level 3. HP: 24/24 MP: 6/8
  1601 | D:2      | Learned a level 3 spell: Mephitic Cloud
  1604 | D:2      | Learned a level 2 spell: Blink
  2011 | D:2      | Reached skill level 1 in Air Magic
  2011 | D:2      | Reached XP level 4. HP: 30/30 MP: 0/9
  3078 | D:3      | Reached skill level 4 in Spellcasting
  3560 | D:3      | Found a hide-covered altar of Uskayaw.
  3603 | D:3      | Gained mutation: You have large cloven feet. [demonic
                  | ancestry]
  3603 | D:3      | Reached XP level 5. HP: 35/35 MP: 3/11
  4169 | D:3      | Found Becagettuo's Jewellery Boutique.
  4185 | D:3      | Noticed Sigmund
  4209 | D:3      | Killed Sigmund
  4210 | D:3      | Gained mutation: You have hoof-like feet. [demonic
                  | ancestry]
  4210 | D:3      | Reached XP level 6. HP: 41/41 MP: 6/13
  4701 | D:4      | Reached skill level 5 in Spellcasting
  4994 | D:4      | Reached XP level 7. HP: 46/46 MP: 7/14
  5381 | D:5      | Entered Level 5 of the Dungeon
  6113 | D:5      | Found a shimmering altar of Xom.
  6116 | D:5      | Found a shimmering altar of Xom.
  6451 | D:5      | Reached skill level 5 in Conjurations
  6841 | D:6      | Reached XP level 8. HP: 42/52 MP: 8/16
  7023 | D:6      | Reached skill level 6 in Spellcasting
  7246 | D:6      | Found a staircase to the Ecumenical Temple.
  7255 | Temple   | Entered the Ecumenical Temple
  7271 | Temple   | Became a worshipper of Gozag Ym Sagoz the Greedy
  7293 | D:6      | Found a bloodstained altar of Trog.
  7355 | D:6      | Noticed Prince Ribbit
  7360 | D:6      | Killed Prince Ribbit
  7403 | D:6      | Reached skill level 5 in Air Magic
  7439 | D:6      | Found a broken altar of Ashenzari.
  7466 | D:6      | Found a sparkling altar of Nemelex Xobeh.
  7506 | D:6      | Found a radiant altar of Vehumet.
  8255 | D:7      | Reached skill level 7 in Spellcasting
  8300 | D:7      | Gained mutation: You have hooves in place of feet. [demonic
                  | ancestry]
  8300 | D:7      | Reached XP level 9. HP: 57/57 MP: 11/19
  8476 | D:7      | Noticed Duvessa
  8476 | D:7      | Noticed Joseph
  8509 | D:7      | Noticed Dowan
  8510 | D:7      | Killed Duvessa
  8689 | D:7      | Killed Joseph
  8691 | D:7      | Killed Dowan
  9244 | D:8      | Found a transporter.
  9250 | D:8      | Noticed anet's ghost (novice GrCj)
  9254 | D:8      | Found a transporter.
  9328 | D:8      | Reached skill level 1 in Armour
  9350 | D:7      | Reached skill level 8 in Spellcasting
  9899 | D:8      | Found a snail-covered altar of Cheibriados.
  9959 | D:8      | Found an iron altar of Okawaru.
  9962 | D:8      | Found a burning altar of Makhleb.
 10072 | D:8      | Reached XP level 10. HP: 63/63 MP: 18/22
 10166 | D:8      | Found a hazy altar of Hepliaklqana.
 10396 | D:3      | Bought the ring "Otwamn" {rC++ rN+ Dex+2 SInv} for 622 gold
                  | pieces
 11218 | D:9      | Found a blossoming altar of Fedhas.
 11347 | D:9      | Found an ornate altar of the Wu Jian Council.
 11921 | D:10     | Entered Level 10 of the Dungeon
 11921 | D:10     | Noticed a two-headed ogre
 11930 | D:9      | Reached skill level 9 in Spellcasting
 11947 | D:9      | Learned a level 2 spell: Passwall
 11959 | D:9      | Reached skill level 1 in Translocations
 11988 | D:9      | Killed a two-headed ogre
 11989 | D:9      | Reached skill level 1 in Transmutations
 12217 | D:10     | Noticed a two-headed ogre
 12321 | D:10     | Gained mutation: A weak demonic guardian rushes to your
                  | aid. [demonic ancestry]
 12321 | D:10     | Reached XP level 11. HP: 59/68 MP: 18/24
 12523 | D:10     | Noticed a two-headed ogre
 12529 | D:10     | Killed a two-headed ogre
 12538 | D:10     | Killed a two-headed ogre
 12547 | D:10     | Reached skill level 5 in Armour
 12671 | D:10     | Found a staircase to the Orcish Mines.
 13035 | D:3      | Bought the ring "Owuej" {+Blink rPois rCorr Slay+6} for 824
                  | gold pieces
 13053 | D:3      | Learned a level 4 spell: Flame Wave
 13532 | D:10     | Found an ancient bone altar of Kikubaaqudgha.
 13696 | D:11     | Learned a level 3 spell: Stone Arrow
 13703 | D:11     | Reached skill level 1 in Fire Magic
 13703 | D:11     | Reached skill level 1 in Earth Magic
 13706 | D:11     | Reached skill level 10 in Conjurations
 14039 | D:11     | Found Betzacuf's Jewellery Shop.
 14042 | D:11     | Found Muadaot's Weapon Boutique.
 14043 | D:11     | Found Idas's Distillery.
 14049 | D:11     | Bought a potion of curing for 48 gold pieces
 14049 | D:11     | Bought a potion of heal wounds for 80 gold pieces
 14049 | D:11     | Bought a potion of heal wounds for 80 gold pieces
 14049 | D:11     | Bought a potion of invisibility for 128 gold pieces
 14049 | D:11     | Bought a potion of mutation for 128 gold pieces
 14049 | D:11     | Bought a potion of haste for 160 gold pieces
 14310 | D:11     | You fall into a shaft and drop 3 floors!
 14316 | D:14     | Noticed a centaur warrior
 14326 | D:14     | Killed a centaur warrior
 14326 | D:14     | Noticed a green ugly thing
 14333 | D:14     | Reached skill level 10 in Spellcasting
 14338 | D:14     | Noticed a vault guard
 14357 | D:14     | Killed a vault guard
 14363 | D:14     | Noticed a vault guard
 14366 | D:14     | Noticed a skeletal warrior
 14379 | D:14     | Noticed a vault guard
 14382 | D:14     | Noticed a centaur warrior
 14409 | D:14     | Noticed an eight-headed hydra
 14422 | D:13     | Noticed a centaur warrior
 14449 | D:13     | Gained mutation: A demonic guardian rushes to your aid.
                  | [demonic ancestry]
 14449 | D:13     | Reached XP level 12. HP: 37/74 MP: 10/26
 14700 | D:13     | Noticed a centaur warrior
 14701 | D:13     | Identified the +3 longbow of Departure {freeze, rElec Str+3
                  | Stlth-}
 14880 | D:11     | Found Axyul's Distillery.
 14904 | D:11     | Bought a potion of haste for 170 gold pieces
 14904 | D:11     | Bought a potion of heal wounds for 85 gold pieces
 14946 | D:11     | Found a staircase to the Lair.
 14952 | D:11     | Reached skill level 5 in Transmutations
 15771 | D:12     | Found the +6 shillelagh "Devastator" {shatter}
 16254 | D:12     | Learned a level 3 spell: Ignite Poison
 16260 | D:12     | Learned a level 5 spell: Freezing Cloud
 16529 | D:13     | Reached skill level 1 in Ice Magic
 16542 | D:13     | Identified the +3 double sword of the Loving Blowfly
                  | {venom, *Slow rN+++ Dex+6}
 16622 | D:13     | Killed a centaur warrior
 17066 | D:13     | Noticed Nessos
 17066 | D:13     | Noticed a centaur warrior
 17079 | D:13     | Killed Nessos
 17083 | D:13     | Noticed Sonja
 17088 | D:13     | Killed a centaur warrior
 17088 | D:13     | Noticed Urug
 17089 | D:13     | Reached skill level 5 in Fire Magic
 17091 | D:13     | Killed Sonja
 17092 | D:13     | Reached skill level 11 in Spellcasting
 17331 | D:13     | Killed a centaur warrior
 17336 | D:13     | Killed Urug
 17488 | D:13     | Noticed a seven-headed hydra
 17498 | D:13     | Killed a seven-headed hydra
 17605 | D:13     | Noticed a tengu warrior
 17606 | D:13     | Noticed a tengu warrior
 17631 | D:13     | Killed a tengu warrior
 17632 | D:13     | Reached XP level 13. HP: 79/79 MP: 7/28
 17956 | D:13     | Identified the +5 flail "Uraojaops" {drain, rElec rPois rN+
                  | Str+4}
 18220 | D:13     | Noticed a fire giant
 18220 | D:13     | an alligator snapping turtle changed into a fire giant
 18340 | D:13     | Noticed a storm dragon
 18342 | D:13     | Noticed an azure jelly
 18342 | D:13     | a storm dragon changed into an azure jelly
 18354 | D:13     | Killed an azure jelly
 18564 | D:13     | Reached skill level 5 in Ice Magic
 20049 | Orc:1    | Entered Level 1 of the Orcish Mines
 20528 | Orc:1    | Reached skill level 12 in Spellcasting
 20743 | Orc:2    | Entered Level 2 of the Orcish Mines
 22170 | Orc:2    | Found a staircase to the Elven Halls.
 22793 | Orc:2    | Found Lextitody's General Store.
 22860 | Orc:2    | Found Hemaha's Distillery.
 22871 | Orc:2    | Gained mutation: When seriously injured, your blood forms
                  | thick armour. (AC +12) [demonic ancestry]
 22871 | Orc:2    | Reached XP level 14. HP: 54/85 MP: 12/30
 22950 | Orc:2    | Bought a potion of ambrosia for 112 gold pieces
 22950 | Orc:2    | Bought a potion of brilliance for 56 gold pieces
 22950 | Orc:2    | Bought a potion of heal wounds for 70 gold pieces
 22954 | Orc:2    | Gained mutation: Spells you cast may paralyse nearby
                  | enemies. [demonic ancestry]
 22954 | Orc:2    | Reached XP level 15. HP: 105/105 MP: 31/31
 23849 | Orc:2    | Noticed an orc warlord
 23873 | Orc:2    | Killed an orc warlord
 24116 | Orc:2    | Reached skill level 1 in Shields
 24866 | Orc:2    | Found Exzem's Distillery.
 24875 | Orc:2    | Bought 2 potions of curing for 78 gold pieces
 24875 | Orc:2    | Bought a potion of curing for 39 gold pieces
 24875 | Orc:2    | Bought a potion of curing for 39 gold pieces
 24875 | Orc:2    | Bought 3 potions of heal wounds for 195 gold pieces
 24875 | Orc:2    | Bought a potion of haste for 130 gold pieces
 24875 | Orc:2    | Bought a potion of mutation for 104 gold pieces
 24875 | Orc:2    | Bought a potion of flight for 39 gold pieces
 24923 | Orc:2    | Found Hisaf's Weapon Boutique.
 24932 | Orc:2    | Bought the +7 flail of Evisceration {vorpal, Str-4 Int+5
                  | SInv Stlth+} for 844 gold pieces
 25198 | Lair:1   | Entered Level 1 of the Lair of Beasts
 25333 | Lair:1   | Noticed Gastronok
 25696 | Lair:1   | Killed Gastronok
 25697 | Lair:1   | Reached skill level 13 in Spellcasting
 25804 | Lair:1   | Found a blossoming altar of Fedhas.
 26821 | Lair:2   | Found a staircase to the Snake Pit.
 26991 | Lair:2   | Identified the ring of Eternal Night {+Blink Fly rF+ rCorr
                  | Dex+2}
 26996 | Lair:2   | Found a staircase to the Shoals.
 28022 | D:11     | Bought a scroll of magic mapping for 105 gold pieces
 28022 | D:11     | Bought a scroll of summoning for 133 gold pieces
 28022 | D:11     | Bought a scroll of immolation for 56 gold pieces
 28094 | Lair:3   | Reached skill level 5 in Shields
 28381 | Lair:3   | Found a transporter.
 28383 | Lair:3   | Found a transporter.
 28396 | Lair:3   | Learned a level 4 spell: Passage of Golubria
 29354 | Lair:4   | Found a staircase to the Slime Pits.
 30620 | Lair:5   | Entered Level 5 of the Lair of Beasts
 30993 | Lair:5   | Reached skill level 14 in Spellcasting
 31538 | Lair:5   | Reached XP level 16. HP: 54/111 MP: 2/34
 33136 | Snake:1  | Entered Level 1 of the Snake Pit
 33140 | Snake:1  | Found a shadowy altar of Dithmenos.
 34182 | Snake:2  | HP: 1/111 [mana viper (13)]
 34635 | Snake:3  | Reached skill level 15 in Spellcasting
 34972 | Snake:3  | Reached skill level 10 in Ice Magic
 35250 | Snake:4  | Entered Level 4 of the Snake Pit
 35779 | Snake:3  | Noticed Jorgrun
 36450 | Snake:4  | Gained mutation: When seriously injured, your blood forms
                  | very thick armour. (AC +12) [demonic ancestry]
 36450 | Snake:4  | Reached XP level 17. HP: 97/117 MP: 27/36
 36856 | Snake:4  | Reached skill level 10 in Shields
 38271 | Snake:4  | Reached skill level 16 in Spellcasting
 39045 | Snake:4  | Got a serpentine rune of Zot
 39843 | Elf:1    | Entered Level 1 of the Elven Halls
 40047 | D:10     | Bought the +3 crown of Dyrovepreva {rElec Int+2 SInv} for
                  | 703 gold pieces
 40047 | D:10     | Found the +3 crown of Dyrovepreva {rElec Int+2 SInv}
 40047 | D:10     | Bought a +2 cloak of poison resistance for 314 gold pieces
 40166 | Elf:1    | Found Conunoic's Antique Armour Shoppe.
 40378 | Elf:1    | Identified the +0 ring mail of Exclusion {+Inv rC+ rN+}
 40720 | Elf:1    | Paralysed by an air elemental for 1 turns
 42187 | Elf:2    | Identified the +1 robe of Exclusion {+Blink rC+ Archmagi}
 42226 | Elf:2    | Found a portal to a secret trove of treasure.
 42638 | Elf:2    | Killed from afar by a deep elf knight

Illustrated notes

Levels and vault maps discovered:
D:1:      dpeg_arrival_renting, layout_loops_ring,
          chequers_serial_rivers_small_b
D:2:      minmay_general_purpose_star, layout_basic
D:3:      minmay_roachtagon, layout_loops_ring, nicolae_uskayaw_suspiria,
          serial_shops, nicolae_square_shop, grunt_ministairs_7,
          eino_tiny_chamber, roderic_nine_men_s_morris, uniq_sigmund
D:4:      layout_gridville
D:5:      layout_basic, xom_redecorated
D:6:      layout_loops_corners, nicolae_overflow_quartered_altars,
          minmay_temple_entry_purple_smoke, uniq_prince_ribbit1
D:7:      layout_cave_pools, serial_glass, glass_columns_a, glass_columns_a,
          uniq_duvessa, uniq_joseph
D:8:      layout_rooms, nicolae_hepliaklqana_hippocampus,
          nicolae_overflow_squiral, slow_altar_2, gammafunk_ghost_arena
D:9:      layout_grid_maze, mainiacjoe_overflow_alcove_2, lemuel_round_altar,
          special_room [special_room_orc]
D:10:     layout_rooms, kennysheep_vampire_church,
          kennysheep_orc_monster_closet_entryway, serial_ice, serial_ice_i,
          serial_ice_e, serial_ice_a, serial_ice_b
D:11:     layout_basic, grunt_lair_entry_orc_guard_hut, serial_shops, shop,
          nicolae_wooded_promenade, feat_on_display
D:12:     layout_stronghold
D:13:     minmay_the_grid_octo_triangle [minmay_the_grid_octo_fat_diamond,
          minmay_the_grid_octo_prize_square_snowflake,
          minmay_the_grid_octo_toaster], layout_basic, serial_undead,
          serial_undead_c, serial_undead_f, serial_undead_c, serial_undead_f,
          hangedman_abyss_or_decor_lesser_grid, due_unseen_surprise,
          uniq_nessos, uniq_sonja, uniq_urug
D:14:     layout_cross, lightli_vaults_fourway_checkpoint
Temple:   nicolae_temple_cloud_nine
Lair:1:   layout_small_grid, hangedman_tree_tricks, uniq_gastronok
Lair:2:   layout_long_grid, elwin_shoals_entry_rocks,
          minmay_snake_entry_guardpost_small
Lair:3:   gammafunk_boulding_lane, layout_hall_layers
Lair:4:   layout_regular_city, dpeg_slime_entry_enclosed, minivault_23,
          serial_bayou_ford_a, cheibrodos_lair_reptile_den, serial_bayou_shore_a
Lair:5:   evilmike_catoblepas_cave, layout_concentric_octagons,
          hangedman_lair_generics_rect, grunt_megastairs_2
Snake:1:  layout_basic, basic_altar, nicolae_snake_omega
Snake:2:  layout_onion_interference
Snake:3:  layout_basic, basic_altar, grunt_megastairs_3, minmay_shop_grove,
          uniq_jorgrun, uniq_kirke
Snake:4:  grunt_snake_rune_spirals, layout_onion_interference,
          serial_bayou_shore_b, lemuel_fruit_tree
Orc:1:    layout_caves
Orc:2:    pubby_orc_utopia
Elf:1:    eino_elf_arrival_the_gate, layout_geoelf_diagonals,
          serial_corexii_hall, chequers_hall_statues_wall_a,
          chequers_hall_statues_y, serial_shops, nicolae_shop_window_shopping,
          hangedman_corner_corridor, minivault_11, hangedman_summoners_spam
Elf:2:    nicolae_elf_blades_crystal_corner, layout_gridlike,
          infiniplex_enter_wizlab_water, enter_trove_6, st_stairs_7

Skill      XL: |  1  2  3  4  5  6  7  8  9 10 11 12 13 14 15 16 17 |
---------------+----------------------------------------------------+-----
Conjurations   | 2 3 4 5 7 8 9 10 11 12 13 | 13.1
Air Magic      | 1 2 3 4 5 7 8 |  8.0
Spellcasting   | 4 5 7 8 9 10 11 12 14 15 16 | 16.6
Armour         | 2 4 5 |  5.2
Translocations | 2 3 4 |  4.1
Transmutations | 1 4 5 |  5.2
Fire Magic     | 3 5 7 8 |  8.1
Earth Magic    | 1 |  1.8
Ice Magic      | 3 6 8 10 12 | 12.1
Fighting       | 6 |  6.0
Shields        | 6 9 11 | 11.6
Dodging        | |  1.7
Stealth        | |  1.7
Summonings     | |  1.0

Action                   |  1- 3 |  4- 6 |  7- 9 | 10-12 | 13-15 | 16-18 || total
-------------------------+-------+-------+-------+-------+-------+-------++-------
Melee: Dagger            |    21 |     3 |       |       |       |       ||    24
       Rapier            |       |    47 |   182 |   357 |   192 |   106 ||   884
       Short sword       |       |     1 |       |       |       |       ||     1
       Kick              |       |     9 |    71 |   147 |    99 |    63 ||   389
       Punch             |       |       |     4 |     9 |       |       ||    13
       Flail             |       |       |       |       |     3 |    11 ||    14
Throw: Dart              |       |     2 |     4 |       |       |       ||     6
       Javelin           |       |       |     1 |     7 |     2 |       ||    10
 Cast: Magic Dart        |   101 |   127 |   182 |   217 |   164 |    26 ||   817
       Blink             |     1 |       |       |       |     1 |       ||     2
       Mephitic Cloud    |       |     4 |    39 |    81 |    61 |    34 ||   219
       Stone Arrow       |       |       |       |    85 |   407 |   341 ||   833
       Ignite Poison     |       |       |       |     2 |     5 |       ||     7
       Freezing Cloud    |       |       |       |       |    41 |   134 ||   175
       Flame Wave        |       |       |       |       |     1 |       ||     1
Invok: Call Merchant     |       |       |       |       |     1 |     4 ||     5
Evoke: Wand              |       |       |       |     6 |     4 |     3 ||    13
  Use: Scroll            |     3 |     8 |     5 |     9 |     6 |    14 ||    45
       Potion            |       |     3 |     4 |     8 |     2 |       ||    17
 Stab: Paralysed         |     5 |    17 |    69 |   143 |   111 |    16 ||   361
       Sleeping          |       |     3 |     1 |     1 |     2 |     2 ||     9
       Confused          |       |     3 |     5 |     9 |     5 |     5 ||    27
       Distracted        |       |       |       |       |     1 |     1 ||     2
Armor: Robe              |    11 |    11 |    32 |       |       |       ||    54
       Ring mail         |       |       |    20 |    49 |       |       ||    69
       Leather armour    |       |       |       |    84 |    82 |    78 ||   244
Dodge: Dodged            |    14 |    15 |    91 |   132 |   108 |   107 ||   467
Block: Other             |     2 |     4 |       |       |       |       ||     6
       Buckler           |       |       |       |       |    27 |    35 ||    62
       Kite shield       |       |       |       |       |       |   121 ||   121
       Reflection        |       |       |       |       |       |    34 ||    34

Table legend: (Time is in decaauts)
 A = Elapsed time spent in this place.
 B = Non-inter-level travel time spent in this place.
 C = Inter-level travel time spent in this place.
 D = Time resting spent in this place.
 E = Time spent auto-exploring this place.
 F = Levels seen in this place.
 G = Mean time per level.
                   A        B        C        D        E       F      G
               +--------+--------+--------+--------+--------+-----+--------+
         Total |  42604 |  40516 |   2088 |  15161 |  16215 |  28 | 1521.6 |
       Dungeon |  20302 |  18891 |   1411 |   4363 |  10498 |  14 | 1450.1 |
        Temple |     22 |     16 |      6 |      0 |     11 |   1 |   22.0 |
          Lair |   7971 |   7708 |    263 |   3173 |   3183 |   5 | 1594.2 |
     Snake Pit |   6573 |   6405 |    168 |   4515 |      0 |   4 | 1643.2 |
  Orcish Mines |   5126 |   4890 |    236 |   2296 |   1302 |   2 | 2563.0 |
   Elven Halls |   2608 |   2606 |      2 |    814 |   1221 |   2 | 1304.0 |
               +--------+--------+--------+--------+--------+-----+--------+

Top non-repeatable levels by time:
   Orc:2: 4502 daAuts
 Snake:4: 3630 daAuts
    D:13: 3448 daAuts
  Lair:5: 2339 daAuts
   Elf:1: 1890 daAuts
  Lair:1: 1708 daAuts
    D:12: 1625 daAuts
     D:9: 1591 daAuts
  Lair:4: 1545 daAuts
     D:2: 1541 daAuts
    D:10: 1503 daAuts
     D:1: 1460 daAuts
     D:3: 1394 daAuts
     D:6: 1382 daAuts
     D:7: 1365 daAuts
